 Dungeon Crawl Stone Soup version 0.29-a0-275-g389c0b56f3 (webtiles) character file.

Game seed: 13901165923263181023

153 Armakuni the Grave Robber (level 5, -1/32 HPs)
             Began as a Deep Elf Wanderer on Mar 12, 2022.
             Slain by a gnoll
             ... wielding a +0 flail
              (4 damage)
             ... on level 3 of the Dungeon.
             The game lasted 00:07:56 (2858 turns).

Armakuni the Grave Robber (Deep Elf Wanderer)       Turns: 2858, Time: 00:07:56

Health: -1/32      AC:  2    Str: 11    XL:     5   Next: 12%
Magic:  9/9        EV: 11    Int: 19    God:
Gold:   101        SH:  0    Dex: 12    Spells: 2/7 levels left

rFire   . . .      SeeInvis .   a - +1 whip (venom)
rCold   . . .      Faith    .   (no shield)
rNeg    . . .      Spirit   .   c - +0 robe
rPois   .          Reflect  .   (no helmet)
rElec   .          Harm     .   (no cloak)
rCorr   .          Rampage  .   (no gloves)
Will    .....                   (no boots)
Stlth   +.........              R - amulet of regeneration
HPRegen 0.90/turn               (no ring)
MPRegen 0.11/turn               (no ring)

@: no status effects
A: no striking features
a: no special abilities


You were on level 3 of the Dungeon.
You visited 1 branch of the dungeon, and saw 4 of its levels.

You collected 101 gold pieces.

Inventory:

Hand Weapons
 a - a +1 whip of venom (weapon)
 k - a +0 quarterstaff
Missiles
 q - 6 javelins
Armour
 c - a +0 robe (worn)
 j - a +0 leather armour
Jewellery
 o - the ring "Adghet" {rPois rC+ Int+4}
   (You found it on level 2 of the Dungeon)

   [ring of poison resistance]

   Int:       It affects your intelligence (+4).
   rC:        It protects you from cold.
   rPois:     It protects you from poison.
 u - a ring of protection from fire
 R - an amulet of regeneration (around neck)
Wands
 d - a wand of flame (2)
Scrolls
 b - 2 scrolls of fog
 e - a scroll of identify
 i - a scroll of vulnerability {unknown}
 l - 2 scrolls of noise {unknown}
 m - 2 scrolls of enchant armour {unknown}
 s - 2 scrolls of teleportation {unknown}
 t - a scroll of magic mapping {unknown}
Potions
 f - 2 potions of haste
 g - a potion of heal wounds {unknown}
 h - a potion of might {unknown}
 n - a potion of brilliance {unknown}
 p - a potion of flight {unknown}
 r - 2 potions of degeneration {unknown}


   Skills:
 + Level 3.4 Fighting
 + Level 2.0 Staves
 - Level 1.5 Spellcasting
 - Level 3.6 Necromancy
 - Level 3.2 Ice Magic
 - Level 3.2 Evocations


You had 2 spell levels left.
You knew the following spells:

 Your Spells              Type           Power      Damage    Failure   Level
f - Cause Fear            Hex            0%         N/A       87%         4
z - Freeze                Ice            52%        1d7       4%          1

Your spell library contained the following spells:

 Spells                   Type           Power      Damage    Failure   Level
 Animate Skeleton         Necr           30%        N/A       4%          1
 Ensorcelled Hibernation  Hex/Ice        14%        N/A       14%         2
 Vampiric Draining        Necr           15%        2d7       12%         3
 Frozen Ramparts          Ice            26%        1d4       14%         3
 Gell's Gravitas          Tloc           1%         N/A       47%         3
 Inner Flame              Hex/Fire       1%         N/A       47%         3
 Lesser Beckoning         Tloc           1%         N/A       47%         3
 Teleport Other           Tloc           1%         N/A       47%         3
 Dispersal                Tloc           0%         N/A       100%        6
 Discord                  Hex            0%         N/A       100%        8


Dungeon Overview and Level Annotations

Branches:
Dungeon (4/15)
 Temple: D:4-7

Altars:


Message History

Aiming: Freeze (safe; 4% risk of failure)
Press: ? - help, Shift-Dir - straight line, f - gnoll
Aim: a gnoll, wielding a +0 whip You freeze the gnoll.
The gnoll is moderately wounded.
The gnoll misses you.
You barely miss the gnoll.
The gnoll is moderately wounded.
The gnoll closely misses you.
You closely miss the gnoll.
The gnoll is moderately wounded.
The gnoll hits you with a +0 whip. x2
You hit the gnoll.
The gnoll is poisoned.
The gnoll is heavily wounded.
The gnoll closely misses you.
You hit the gnoll.
The gnoll looks as sick as possible!
The gnoll is heavily wounded.
The gnoll hits you with a +0 whip!
You hit the gnoll.
The gnoll looks as sick as possible!
The gnoll is almost dead.
You kill the gnoll!
Your Staves skill increases to level 2!
No target in view!
You start resting.
Magic restored.
Things that are here:
a +0 whip; a +0 club; a gnoll corpse
There is a stone staircase leading down, spattered with blood here.
You start resting.
HP restored.
You climb downwards.
The gnoll hits you with a +0 flail! x2
There is a stone staircase leading up, spattered with blood here.
The gnoll hits you with a +0 flail!
* * * LOW HITPOINT WARNING * * *
You climb upwards.
There is a stone staircase leading down, spattered with blood here.
The gnoll hits you with a +0 flail.
* * * LOW HITPOINT WARNING * * *
The gnoll attacks as you move away! The gnoll hits you with a +0 flail.
You die...

##########
#........######
#........#....#
#........#.##.#
#...)..g@#.##.########
#....>...............####
#........#.##.######.....
#........#<##.######.....
##.......................
#.####......(######.....
#.#..........# #..###
#####.#.##......## ##.#
#...#.#.##......# #.##


You could see a gnoll.

Vanquished Creatures
  4 gnolls
  6 adders
  3 dart slugs
  An orc (D:4)
  2 ball pythons (D:2)
  2 endoplasms (D:3)
  A giant cockroach (D:1)
  3 goblins
  7 hobgoblins
  3 jackals (D:2)
  3 quokkas (D:1)
  4 bats
  A frilled lizard (D:2)
  11 kobolds
  3 rats
54 creatures vanquished.

Vanquished Creatures (others)
  3 plants (D:2)
3 creatures vanquished.

Grand Total: 57 creatures vanquished

Notes
Turn   | Place    | Note
-------+----------+-------------------------------------------
     0 | D:1      | Armakuni the Deep Elf Wanderer began the quest for the Orb.
     0 | D:1      | Armakuni set off with the following items: a +0 dagger, a
                  | scroll of fog, a +0 robe, a wand of flame (4); and the
                  | following spells available to memorise: Animate Skeleton,
                  | Freeze, Vampiric Draining, Ensorcelled Hibernation, Frozen
                  | Ramparts
     0 | D:1      | Reached XP level 1. HP: 10/10 MP: 5/5
     3 | D:1      | Learned a level 1 spell: Freeze
   167 | D:1      | Reached skill level 1 in Fighting
   230 | D:1      | Reached XP level 2. HP: 17/17 MP: 4/6
   480 | D:1      | Found a faded altar of an unknown god.
   770 | D:1      | Reached XP level 3. HP: 21/21 MP: 3/7
  1871 | D:2      | Identified the ring "Adghet" {rPois rC+ Int+4}
  2119 | D:3      | Reached XP level 4. HP: 22/28 MP: 4/8
  2371 | D:3      | Reached skill level 1 in Staves
  2631 | D:3      | Learned a level 4 spell: Cause Fear
  2796 | D:3      | Reached XP level 5. HP: 4/32 MP: 6/9
  2858 | D:3      | Slain by a gnoll

Illustrated notes

Levels and vault maps discovered:
D:1:      minmay_arrival_diagonal_passages, layout_rooms, serial_rivers,
          chequers_serial_rivers_micro_e, chequers_serial_rivers_micro_c,
          chequers_serial_rivers_marsh, chequers_serial_rivers_small_b,
          hellmonk_ecumenical_altar_heavens_door
D:2:      layout_basic, chequers_big_river, minmay_cut_off
D:3:      layout_basic
D:4:      cheibrodos_quashed, layout_basic, minmay_crossroads

Skill      XL: |  1  2  3  4  5 |
---------------+----------------+-----
Fighting       | 1 2 3 |  3.4
Staves         | 1 2 |  2.0
Spellcasting   | |  1.5
Necromancy     | |  3.6
Ice Magic      | |  3.2
Evocations     | |  3.2

Action                   |  1- 3 |  4- 6 || total
-------------------------+-------+-------++-------
Melee: Whip              |    35 |    71 ||   106
       Dagger            |     2 |       ||     2
 Cast: Freeze            |    43 |     6 ||    49
Evoke: Wand              |     2 |       ||     2
  Use: Scroll            |     1 |       ||     1
 Stab: Sleeping          |     2 |       ||     2
Armor: Robe              |    10 |    11 ||    21
Dodge: Dodged            |    39 |    41 ||    80

Table legend: (Time is in decaauts)
 A = Elapsed time spent in this place.
 B = Non-inter-level travel time spent in this place.
 C = Inter-level travel time spent in this place.
 D = Time resting spent in this place.
 E = Time spent auto-exploring this place.
 F = Levels seen in this place.
 G = Mean time per level.
                   A        B        C        D        E       F      G
               +--------+--------+--------+--------+--------+-----+--------+
         Total |   2881 |   2798 |     83 |    371 |   1815 |   4 |  720.2 |
       Dungeon |   2881 |   2798 |     83 |    371 |   1815 |   4 |  720.2 |
               +--------+--------+--------+--------+--------+-----+--------+

Top non-repeatable levels by time:
     D:2: 1126 daAuts
     D:1: 1000 daAuts
     D:3: 736 daAuts
     D:4: 17 daAuts
